 Dungeon Crawl Stone Soup version 0.30-a0-242-g7bf8e6d787 (webtiles) character file.

Game seed: 5962084659765639374

9989 Pooter the Fighter (level 11, -9/157 HPs)
             Began as a Minotaur Berserker on Oct 10, 2022.
             Was an Elder of Trog.
             Mangled by an orc warrior
             ... wielding a +0 flail
             ... led by an orc warlord
              (14 damage)
             ... on level 2 of the Orcish Mines on Oct 11, 2022.
             The game lasted 00:55:56 (9337 turns).

Pooter the Fighter (Minotaur Berserker)             Turns: 9337, Time: 00:55:56

Health: -9/157     AC: 19    Str: 24    XL:     11   Next: 30%
Magic:  1/1        EV:  7    Int:  6    God:    Trog [****..]
Gold:   657        SH:  0    Dex: 19    Spells: 10/10 levels left

rFire   . . .      SeeInvis .    a - +0 battleaxe
rCold   . . .      Faith    .    (shield currently unavailable)
rNeg    . . .      Spirit   .    U - +4 plate armour
rPois   +          Reflect  .    (helmet restricted)
rElec   .          Harm     .    C - +0 cloak
rCorr   .          Rampage  +    i - +1 pair of gloves {Dex+3}
Will    +++..                    w - +0 pair of boots
Stlth   ..........               m - amulet of Coeczusch {RegenMP Rampage Fly rPois MP-9}
HPRegen 1.46/turn                q - +6 ring of dexterity
MPRegen 0.47/turn                A - ring of willpower

@: berserking, strong-willed, flying, regenerating, very quick
A: horns 2, retaliatory headbutt
a: Renounce Religion, Berserk, Trog's Hand, Brothers in Arms


You were on level 2 of the Orcish Mines.
You worshipped Trog.
Trog was greatly pleased with you.
You visited 2 branches of the dungeon, and saw 12 of its levels.
You also visited: Sewer.

You collected 657 gold pieces.

Inventory:

Hand Weapons
 a - a +0 battleaxe (weapon)
   (You took it off a kobold brigand on level 8 of the Dungeon)
 b - a +0 shortbow
   (You took it off a centaur on level 9 of the Dungeon)
 l - a +4 short sword
   (You took it off an orc on level 2 of the Dungeon)
 n - a +3 flail of holy wrath
   (You took it off Edmund on level 4 of the Dungeon)
 v - a +0 hand axe
 z - a +2 whip of draining
   (You took it off a gnoll on level 3 of the Dungeon)
 B - a +1 hand axe of electrocution
   (You took it off an orc on level 5 of the Dungeon)
 F - a +2 vampiric whip
   (You found it on level 5 of the Dungeon)
 N - a +2 war axe of venom
   (You found it on level 5 of the Dungeon)
 S - a +1 sling
   (You found it on level 2 of the Dungeon)
 W - a +0 vampiric halberd
   (You took it off an orc warrior on level 10 of the Dungeon)
Missiles
 r - 6 boomerangs (quivered)
 y - a throwing net {!f}
 L - a curare-tipped dart
 O - 20 poisoned darts
 Q - 115 stones
Armour
 i - a +1 pair of gloves of dexterity (worn)
   (You found it on level 9 of the Dungeon)
 w - a +0 pair of boots (worn)
   (You found it on level 3 of the Dungeon)
 C - a +0 cloak (worn)
   (You found it on level 5 of the Dungeon)
 U - a +4 plate armour (worn)
   (You took it off an orc warrior on level 9 of the Dungeon)
 V - the +3 chain mail "Udewonito" {Drain rF+++ MP+9 SInv}
   (You found it on level 9 of the Dungeon)

   rF:        It renders you almost immune to fire.
   MP:        It affects your magic capacity (+9).
   SInv:      It lets you see invisible.
   Drain:     It drains your maximum health when unequipped.
Jewellery
 e - an amulet of the acrobat
   (You found it on level 1 of the Dungeon)
 m - the amulet of Coeczusch (around neck) {RegenMP Rampage Fly rPois MP-9}
   (You acquired it on level 10 of the Dungeon)

   [amulet of magic regeneration]

   It increases your rate of magic regeneration.
   rPois:     It protects you from poison.
   MP:        It affects your magic capacity (-9).
   Fly:       It grants you flight.
   Rampage:   It bestows one free step when moving towards enemies.
 q - a +6 ring of dexterity (left hand)
   (You took it off Ijyb on level 2 of the Dungeon)
 A - a ring of willpower (right hand)
   (You found it on level 4 of the Dungeon)
 P - a ring of poison resistance
   (You found it on level 6 of the Dungeon)
Wands
 f - a wand of flame (14)
   (You found it on level 9 of the Dungeon)
 j - a wand of charming (8)
   (You found it on level 6 of the Dungeon)
 p - a wand of roots (18)
   (You took it off Ijyb on level 2 of the Dungeon)
 x - a wand of acid (11)
   (You found it on level 6 of the Dungeon)
Scrolls
 d - a scroll of butterflies
 k - 2 scrolls of blinking
 o - 3 scrolls of vulnerability {!r}
 t - 4 scrolls of teleportation {@r4}
 u - a scroll of immolation {!r}
 D - a scroll of magic mapping
 T - a scroll of summoning {unknown}
Potions
 c - a potion of cancellation {unknown}
 g - 5 potions of attraction {!q}
 h - 4 potions of curing {@q1}
 s - 3 potions of lignification {unknown}
 E - a potion of brilliance {unknown}
 G - 3 potions of heal wounds {@q2}
 H - 2 potions of might {unknown}
 I - 3 potions of haste {unknown}
 J - a potion of magic {unknown}
 K - a potion of resistance
 M - 2 potions of mutation {unknown}
 R - 2 potions of degeneration {unknown}


   Skills:
 * Level 12.6 Fighting
 * Level 10.8(12.0) Axes
 + Level 8.5(10.9) Maces & Flails
 + Level 7.5 Ranged Weapons
 - Level 2.4 Armour
 - Level 2.1 Dodging
 + Level 6.0 Evocations


You had 10 spell levels left.
You didn't know any spells.
Your spell library was empty.

Dungeon Overview and Level Annotations

Branches:
Dungeon (10/15)            Temple (0/1) D:5             Orc (2/2) D:10
  Sewer (visited)
   Lair: D:8-11         Elf: Orc:2

Altars:
Ashenzari
Cheibriados
Gozag
Kikubaaqudgha
Qazlal
Uskayaw
Xom
Yredelemnul

Annotations:
D:7 2 transporters


Innate Abilities, Weirdness & Mutations

You have a pair of horns on your head.
You reflexively headbutt those who attack you in melee.


Message History

The orcs go into a battle-frenzy!
The orc warrior barely misses you.
The orc warrior hits you with a +0 short sword!
The orc warrior hits you with a +0 flail!
You hear a shout!
There is a stone staircase leading down, spattered with blood here.
The ogre barely misses you. You furiously retaliate!
You headbutt the ogre! The orc hits you but does no damage.
The orc warrior barely misses you. The orc warrior closely misses you.
The orc wizard hits you but does no damage.
The orc warrior hits you but does no damage.
You fly downwards.
There is a stone staircase leading up, spattered with blood here.
Your skin crawls.
You feel strong-willed.
The orc warrior hits you with a +0 short sword.
* * * LOW HITPOINT WARNING * * *
The orc warrior hits you but does no damage.
The ogre hits you with a +0 giant club!!
* * * LOW HITPOINT WARNING * * *
The orc wizard hits you but does no damage.
The orc warrior hits you but does no damage.
A red film seems to cover your vision as you go berserk!
You feel yourself moving faster!
You feel mighty! The orc warrior barely misses you.
The orc warrior hits you but does no damage.
The orc wizard hits you but does no damage.
The orc warrior hits you with a +0 war axe!
* * * LOW HITPOINT WARNING * * *
You slice the orc wizard!!
You feel the power of Trog in you as your rage grows.
You kill the orc wizard!
Trog accepts your kill.
Trog appreciates your killing of a magic user.
You slice the orc warrior!! x2; You barely miss the orc warrior.
You completely miss the ogre. The ogre hits you with a +0 giant club.
* * * LOW HITPOINT WARNING * * *
The orc warrior hits you with a +0 war axe.
* * * LOW HITPOINT WARNING * * *
The orc warrior closely misses you.
The orc warrior hits you with a +0 flail!
* * * LOW HITPOINT WARNING * * *
You barely miss the orc warrior. You headbutt the orc warrior.
You barely miss the orc warrior. x2; You slash the ogre!
The ogre hits you with a +0 giant club!
* * * LOW HITPOINT WARNING * * *
The orc warrior hits you with a +0 war axe!
* * * LOW HITPOINT WARNING * * *
The orc warrior hits you with a +0 flail!
You die...

##........ ###.........
.. .. .# ##.........#
#.# #.#
...#.........###..##...
....#.......#.......#..
...#...................
.............#..........
...............Ooo......
................@....#..
...............o[)^.....
........................
......#..)<.............
.......)).[......#......
.........[.............#
........................
........................
........................


You could see 3 orc warriors and an ogre.

Vanquished Creatures
  Josephine (D:10)
  Erica (D:9)
  A two-headed ogre (D:9)
  2 trolls
  Grinder (D:5)
  Prince Ribbit (D:5)
  2 wyverns
  A shadow (D:10)
  5 wraiths (D:10)
  3 wargs (Orc:1)
  2 acid dragons
  Edmund (D:4)
  Duvessa (D:6)
  14 orc warriors
  2 water moccasins
  4 black bears
  An ice beast (D:7)
  4 ogres
  A sky beast (D:6)
  2 centaurs (D:9)
  A phantom (D:10)
  Blork the orc (D:4)
  2 kobold brigands
  9 bullfrogs
  2 necrophages
  A scorpion (D:5)
  Dowan (D:6)
  5 killer bees (D:7)
  2 howler monkeys
  A jelly (D:6)
  4 hounds
  13 orc priests
  16 orc wizards
  Ijyb (D:2)
  2 iguanas
  8 ogre zombies (D:10)
  6 gnolls
  14 adders
  4 white imps
  2 ufetubi (D:5)
  2 worms
  2 dart slugs
  43 orcs
  3 ball pythons
  6 bats
  5 endoplasms
  8 giant cockroaches
  18 goblins
  3 hobgoblins
  6 jackals
  2 quokkas (D:3)
  3 frilled lizards
  2 goblin skeletons (D:10)
  2 goblin zombies (D:10)
  A hobgoblin zombie (D:10)
  14 kobolds
  2 orc skeletons (D:10)
  15 orc zombies (D:10)
  6 rats
288 creatures vanquished.

Vanquished Creatures (others)
  An orc priest (D:7)
  An orc wizard (D:8)
  6 plants (D:2)
8 creatures vanquished.

Grand Total: 296 creatures vanquished

Notes
Turn   | Place    | Note
-------+----------+-------------------------------------------
     0 | D:1      | Pooter the Minotaur Berserker began the quest for the Orb.
     0 | D:1      | Reached XP level 1. HP: 19/19 MP: 0/0
   194 | D:1      | Reached skill level 4 in Fighting
   274 | D:1      | Reached XP level 2. HP: 21/27 MP: 1/1
   669 | D:2      | Reached XP level 3. HP: 34/34 MP: 2/2
   687 | D:2      | Noticed Ijyb
   769 | D:2      | Reached skill level 5 in Fighting
  1073 | D:2      | Reached ** piety under Trog
  1074 | D:2      | Reached XP level 4. HP: 42/42 MP: 3/3
  1077 | D:2      | Reached skill level 1 in Ranged Weapons
  1310 | D:2      | Killed Ijyb
  1431 | D:2      | Found a snail-covered altar of Cheibriados.
  1844 | D:3      | Reached XP level 5. HP: 50/50 MP: 4/4
  2696 | D:3      | Reached skill level 6 in Fighting
  2827 | D:4      | Reached skill level 1 in Evocations
  3024 | D:4      | Reached *** piety under Trog
  3061 | D:4      | Noticed Edmund
  3067 | D:4      | Noticed Blork the orc
  3069 | D:4      | Killed Edmund
  3070 | D:4      | Reached skill level 1 in Maces & Flails
  3070 | D:4      | Reached XP level 6. HP: 58/58 MP: 5/5
  3132 | D:4      | Killed Blork the orc
  3435 | D:5      | Entered Level 5 of the Dungeon
  3442 | D:5      | Reached skill level 7 in Fighting
  3499 | D:5      | Noticed Prince Ribbit
  3522 | D:5      | Killed Prince Ribbit
  3523 | D:5      | Reached XP level 7. HP: 13/66 MP: 6/6
  3846 | D:5      | Found a broken altar of Ashenzari.
  3878 | D:5      | Reached skill level 8 in Fighting
  3878 | D:5      | Reached XP level 8. HP: 53/74 MP: 7/7
  3948 | D:5      | Reached skill level 5 in Maces & Flails
  4067 | D:5      | Found a basalt altar of Yredelemnul.
  4078 | D:5      | Noticed Grinder
  4087 | D:5      | Paralysed by Grinder for 5 turns
  4099 | D:5      | Killed Grinder
  4100 | D:5      | Reached skill level 5 in Axes
  4183 | D:5      | Found a staircase to the Ecumenical Temple.
  4379 | D:6      | Found a stormy altar of Qazlal.
  4386 | D:6      | Reached skill level 9 in Fighting
  4406 | D:6      | Found a glowing drain.
  4440 | Sewer    | Entered a sewer
  4730 | D:6      | Reached XP level 9. HP: 80/84 MP: 8/8
  4809 | D:6      | Noticed Duvessa
  4809 | D:6      | Noticed Dowan
  4816 | D:6      | Killed Duvessa
  4817 | D:6      | Reached skill level 5 in Ranged Weapons
  4825 | D:6      | Killed Dowan
  5263 | D:7      | Upgraded the game from 0.30-a0-241-g1121274140 to
                  | 0.30-a0-242-g7bf8e6d787
  5354 | D:7      | Reached skill level 10 in Fighting
  5679 | D:7      | Found a shimmering altar of Xom.
  5718 | D:7      | Found a transporter.
  5718 | D:7      | Found a transporter.
  5745 | D:7      | Noticed a cyclops
  5760 | D:7      | Identified the +8 dagger of Demonkind {antimagic, Int+6}
  5893 | D:7      | Found an ancient bone altar of Kikubaaqudgha.
  5895 | D:7      | Found an opulent altar of Gozag.
  5896 | D:7      | Found a hide-covered altar of Uskayaw.
  6366 | D:8      | Noticed a troll
  6376 | D:8      | Killed a troll
  6605 | D:8      | Reached **** piety under Trog
  6778 | D:8      | Reached XP level 10. HP: 81/94 MP: 9/9
  7409 | D:9      | Reached skill level 11 in Fighting
  7515 | D:9      | Reached skill level 5 in Evocations
  7763 | D:9      | Noticed Erica
  7782 | D:9      | Killed Erica
  8174 | D:9      | Identified the +3 chain mail "Udewonito" {Drain rF+++ MP+9
                  | SInv}
  8193 | D:9      | Noticed a two-headed ogre
  8196 | D:9      | Killed a two-headed ogre
  8355 | D:10     | Entered Level 10 of the Dungeon
  8359 | D:10     | Identified a scroll of acquirement
  8359 | D:10     | Acquired the amulet of Coeczusch {RegenMP Rampage Fly rPois
                  | MP-9}
  8385 | D:10     | Noticed Josephine
  8398 | D:10     | Killed Josephine
  8399 | D:10     | Reached skill level 12 in Fighting
  8399 | D:10     | Reached skill level 10 in Axes
  8533 | D:10     | Reached XP level 11. HP: 104/104 MP: 1/10
  8694 | D:10     | Found a staircase to the Orcish Mines.
  8717 | D:10     | Reached ***** piety under Trog
  8863 | Orc:1    | Entered Level 1 of the Orcish Mines
  8936 | Orc:2    | Entered Level 2 of the Orcish Mines
  9265 | Orc:1    | Noticed an orc warlord
  9337 | Orc:2    | HP: 5/157 [orc warrior/+0 war axe[an orc warlord] (8)]
  9337 | Orc:2    | Mangled by an orc warrior

Illustrated notes

Levels and vault maps discovered:
D:1:      dpeg_arrival_stone_temple_mockup, layout_loops_ring
D:2:      kennysheep_the_goblin_king, layout_basic, serial_forest,
          infiniplex_forest_clump_small, infiniplex_forest_straight_2,
          infiniplex_forest_zigzag_2, infiniplex_forest_clump_small,
          infiniplex_forest_clump_tiny, infiniplex_forest_end_3,
          infiniplex_forest_straight_5, basic_altar, minmay_split_cup_small
D:3:      layout_loops_corners
D:4:      layout_loops_ring, uniq_blork_the_orc, uniq_edmund
D:5:      minmay_evil_eye, layout_rooms, grunt_temple_overflow_open,
          temple_fountains, uniq_grinder, uniq_prince_ribbit1
D:6:      layout_rooms, mainiacjoe_overflow_tiny_flanked, gup_sewer_entry_glass,
          serial_co_window_serial, co_window_paths_b, co_window_corner_a,
          co_window_paths_b, co_window_paths_b, co_window_paths_a,
          co_window_paths_b, co_window_paths_a, co_window_paths_a,
          co_window_cross_1, co_window_broadway_b, co_window_corner_b,
          co_window_broadway_b, co_window_of_opportunity_c, co_window_paths_c,
          glass_columns_a, uniq_duvessa
D:7:      gammafunk_beogh_shrine, layout_cave_pools, minitemple,
          mainiacjoe_overflow_boulevard, serial_column_ruins,
          column_ruins_open_small, column_ruins_open_small,
          column_ruins_open_tiny, column_ruins_columns_dead_end,
          column_ruins_corridor_straight, column_ruins_open_tiny,
          grunt_ministairs_6
D:8:      layout_basic
D:9:      layout_roguey, uniq_erica
D:10:     minmay_separated_statues, layout_gridville, zombieorc2_lemuel,
          serial_shops, nicolae_shop_advertising_works
          [nicolae_subvault_shop_adworks], minmay_lindwurm_lava, uniq_psyche,
          uniq_josephine
Orc:1:    layout_caves, rock_pile
Orc:2:    st_orc_rangers, layout_caves

Skill      XL: |  1  2  3  4  5  6  7  8  9 10 11 |
---------------+----------------------------------+-----
Fighting       | 4 5 6 7 8 9 10 12 | 12.6
Axes           | 4 6 8 10 | 10.8
Ranged Weapons | 1 2 3 4 6 7 |  7.5
Evocations     | 1 2 3 4 5 6 |  6.0
Maces & Flails | 1 3 4 5 7 8 |  8.5
Armour         | |  2.4
Dodging        | |  2.1

Action                   |  1- 3 |  4- 6 |  7- 9 | 10-12 || total
-------------------------+-------+-------+-------+-------++-------
Melee: Hand axe          |    63 |    47 |       |       ||   110
       Headbutt          |     6 |    15 |    34 |    33 ||    88
       Punch             |       |     2 |     3 |       ||     5
       Whip              |       |    64 |       |       ||    64
       Flail             |       |    19 |    32 |     6 ||    57
       War axe           |       |       |   135 |       ||   135
       Battleaxe         |       |       |    14 |   155 ||   169
 Fire: Sling             |     6 |    20 |    10 |       ||    36
       Shortbow          |       |       |       |    15 ||    15
Throw: Boomerang         |       |       |       |     9 ||     9
Invok: Berserk           |     2 |     5 |     4 |    11 ||    22
       Trog's Hand       |       |     1 |     6 |     9 ||    16
Evoke: Wand              |       |       |     6 |     6 ||    12
  Use: Scroll            |     1 |     6 |     7 |    10 ||    24
Armor: Chain mail        |    24 |    40 |    89 |    11 ||   164
       Animal skin       |     1 |       |       |       ||     1
       Plate armour      |       |       |       |   117 ||   117
Dodge: Dodged            |    43 |    78 |   114 |    97 ||   332

Table legend: (Time is in decaauts)
 A = Elapsed time spent in this place.
 B = Non-inter-level travel time spent in this place.
 C = Inter-level travel time spent in this place.
 D = Time resting spent in this place.
 E = Time spent auto-exploring this place.
 F = Levels seen in this place.
 G = Mean time per level.
                   A        B        C        D        E       F      G
               +--------+--------+--------+--------+--------+-----+--------+
         Total |   9624 |   9470 |    154 |   1979 |   5565 |  13 |  740.3 |
       Dungeon |   9023 |   8869 |    154 |   1738 |   5411 |  10 |  902.3 |
  Orcish Mines |    527 |    527 |      0 |    241 |    113 |   2 |  263.5 |
         Sewer |     72 |     72 |      0 |      0 |     41 |   1 |   72.0 |
               +--------+--------+--------+--------+--------+-----+--------+

Top non-repeatable levels by time:
     D:2: 1131 daAuts
     D:8: 1101 daAuts
     D:3: 1039 daAuts
     D:9: 1013 daAuts
     D:7: 1012 daAuts
     D:5: 956 daAuts
     D:6: 881 daAuts
     D:4: 683 daAuts
     D:1: 649 daAuts
    D:10: 553 daAuts
   Orc:1: 324 daAuts
   Orc:2: 203 daAuts
   Sewer: 72 daAuts
